 Dungeon Crawl Stone Soup version 0.29-a0-994-gc5c9f59d18 (webtiles) character file.

Game seed: 9739826542978640883

44 nicolae the Changer (level 3, 0/23 HPs)
             Began as an Octopode Transmuter on Aug 3, 2022.
             Killed by divine providence
             ... invoked by an orc priest
              (11 damage)
             ... on level 4 of the Dungeon.
             The game lasted 00:02:10 (1318 turns).

nicolae the Changer (Octopode Transmuter)           Turns: 1318, Time: 00:02:11

Health: 0/23       AC:  1    Str:  9    XL:     3   Next: 62%
Magic:  5/6        EV: 13    Int: 17    God:
Gold:   106        SH:  0    Dex: 12    Spells: 0/6 levels left

rFire   . . .      SeeInvis .     - Unarmed
rCold   . . .      Faith    .   (no shield)
rNeg    . . .      Spirit   .   (helmet currently unavailable)
rPois   .          Reflect  .   (no amulet)
rElec   .          Harm     .   (no ring)
rCorr   .          Rampage  .   (no ring)
Will    .....                   (no ring)
Stlth   ++........              (no ring)
HPRegen 0.07/turn               (no ring)
MPRegen 0.10/turn               (no ring)
                                (no ring)
                                (no ring)

@: appendages
A: tentacle spike 3, almost no armour, amphibious, 8 rings, camouflage 1,
gelatinous body 1, (nimble swimmer 1), tentacles
a: End Transformation


You were on level 4 of the Dungeon.
One of your tentacles had grown a beastly spike.
You visited 1 branch of the dungeon, and saw 3 of its levels.

You collected 106 gold pieces.

Inventory:

Jewellery
 f - an amulet of faith
Scrolls
 b - a scroll of amnesia
 c - 2 scrolls of identify
 d - a scroll of enchant armour {unknown}
 i - a scroll of teleportation
Potions
 a - a potion of lignification
 e - a potion of might
 g - 2 potions of curing
 h - a potion of heal wounds


   Skills:
 - Level 1.0 Fighting
 - Level 2.0 Dodging
 - Level 3.0 Unarmed Combat
 - Level 2.0 Spellcasting
 + Level 3.9 Transmutations


You couldn't memorise any spells.
You knew the following spells:

 Your Spells              Type           Power      Damage    Failure   Level
a - Beastly Appendage     Tmut           30%        N/A       3%          1
b - Wereblood             Tmut           15%        N/A       6%          2
c - Spider Form           Tmut/Pois      8%         N/A       26%         3

Your spell library contained the following spells:

 Spells                   Type           Power      Damage    Failure   Level
 Ice Form                 Ice/Tmut       8%         N/A       65%         4


Dungeon Overview and Level Annotations

Branches:
Dungeon (2/15)

Altars:

Annotations:
D:4 1 runed translucent door, Crazy Yiuf


Innate Abilities, Weirdness & Mutations

One of your tentacles has grown a beastly spike.
You cannot wear most types of armour.
You are amphibious.
You can wear up to eight rings at the same time.
Your skin changes colour to match your surroundings (Stealth+).
Your rubbery body absorbs attacks. (AC +1, EV +1)
((You are camouflaged when in or above water. (Stealth+)))
You have tentacles for arms and can constrict up to eight enemies at once.


Message History

You miss the kobold. Your grab misses the kobold. You tentacle-slap the kobold.
You grab the kobold.
You pierce the kobold, but do no damage.
You squeeze the kobold.
You kill the kobold!
The quokka bites you.
You completely miss the quokka. Your grab misses the quokka.
You squeeze the quokka.
You kill the quokka!
No target in view!
No target in view!
Magic restored.
Your transformation is almost over.
Your tentacle spike disappears.
HP restored.
A hobgoblin comes into view.
You miscast Beastly Appendage.
You are very lightly contaminated with residual magic.
Nothing appears to happen.
The hobgoblin shouts!
You hear a shout! x2
A goblin comes into view. It is wielding a +0 dagger.
You see here a scroll labelled ZUCEFER UNUOSM.
You barely miss the hobgoblin. You grab the hobgoblin.
You squeeze the hobgoblin.
You kill the hobgoblin!
An orc priest comes into view. It is wielding a +0 short sword.
One of your tentacles grows a vicious spike.
The orc priest invokes the aid of Beogh against you.
Pain shoots through your body!
Ouch! That really hurt!
An adder comes into view.
You are too injured to fight recklessly!
Your magical contamination has completely faded away.
You tentacle-slap the orc priest. You grab the orc priest.
You pierce the orc priest.
The orc priest is moderately wounded.
You constrict the orc priest.
The orc priest invokes the aid of Beogh against you.
Beogh smites you!
You die...

##.+..g# ### ###..)#
#.. ### #.# #.#. #..
####### #.#
#####.....## ##.#
...........# #..#
###...)....####.@####.#
##.......##....o....#
##..>....#..?g.S...#
#.................#
#.......#..........#
#.......#..>.........
#...................#
##.....#.....#.#..#..
##...###............


You could see an orc priest, an adder and a goblin.

Vanquished Creatures
  A gnoll (D:1)
  A dart slug (D:1)
  3 ball pythons (D:1)
  3 endoplasms
  A giant cockroach (D:1)
  2 goblins (D:1)
  7 hobgoblins
  A kobold (D:4)
  3 quokkas
  4 bats
  3 frilled lizards
29 creatures vanquished.

Notes
Turn   | Place    | Note
-------+----------+-------------------------------------------
     0 | D:1      | nicolae the Octopode Transmuter began the quest for the
                  | Orb.
     0 | D:1      | Reached XP level 1. HP: 13/13 MP: 3/3
   270 | D:1      | Reached XP level 2. HP: 18/18 MP: 3/5
   273 | D:1      | Learned a level 2 spell: Wereblood
   471 | D:1      | Reached XP level 3. HP: 23/23 MP: 4/6
   475 | D:1      | Learned a level 3 spell: Spider Form
  1191 | D:2      | You fall into a shaft and drop 2 floors!
  1207 | D:4      | Found a runed translucent door.
  1208 | D:4      | Noticed Crazy Yiuf
  1318 | D:4      | Killed from afar by an orc priest

Illustrated notes

Levels and vault maps discovered:
D:1:      wander_arrival_desolate, layout_loops_ring
D:2:      layout_loops_cross, amethyst_killhole
D:4:      layout_rooms, serial_forest, infiniplex_forest_clump_small,
          infiniplex_forest_straight_2, infiniplex_forest_lined_corner,
          infiniplex_forest_lined_room_2, uniq_crazy_yiuf_cottage

Skill      XL: |  1  2 |
---------------+-------+-----
Transmutations | 3 |  3.9
Fighting       | |  1.0
Dodging        | |  2.0
Unarmed Combat | |  3.0
Spellcasting   | |  2.0

Action                   || total
-------------------------++-------
Melee: Unarmed           ||    60
       Constrict         ||    18
       Kick              ||    15
       Tentacles         ||    12
       Punch             ||     2
 Cast: Beastly Appendage ||    19
  Use: Scroll            ||     5
 Stab: Sleeping          ||     5
Armor: Skin              ||     5
Dodge: Dodged            ||    35

Table legend: (Time is in decaauts)
 A = Elapsed time spent in this place.
 B = Non-inter-level travel time spent in this place.
 C = Inter-level travel time spent in this place.
 D = Time resting spent in this place.
 E = Time spent auto-exploring this place.
 F = Levels seen in this place.
 G = Mean time per level.
                   A        B        C        D        E       F      G
               +--------+--------+--------+--------+--------+-----+--------+
         Total |   1314 |   1309 |      5 |    167 |    878 |   3 |  438.0 |
       Dungeon |   1314 |   1309 |      5 |    167 |    878 |   3 |  438.0 |
               +--------+--------+--------+--------+--------+-----+--------+

Top non-repeatable levels by time:
     D:1: 922 daAuts
     D:2: 265 daAuts
     D:4: 126 daAuts
